 Dungeon Crawl Stone Soup version 0.31-a0-521-gc7390f8997 (webtiles) character file.

Game seed: 952188256055031928

214 ytrimaz the Changeling (level 5, -2/34 (37) HPs)
             Began as a Demonspawn Shapeshifter on Aug 10, 2023.
             Slain by a gnoll
             ... wielding a +0 spear
             ... led by a gnoll sergeant
              (8 damage)
             ... on level 5 of the Dungeon.
             The game lasted 00:03:26 (3343 turns).

ytrimaz the Changeling (Demonspawn Shapeshifter)    Turns: 3343, Time: 00:03:26

HP:   -2/34 (37)    AC:  5    Str: 17    XL:     5   Next: 60%
MP:   5/5           EV: 11    Int: 10    God:
Gold: 140           SH:  0    Dex: 13    Spells: 4/4 levels left

rFire   . .          .
                       - Unarmed
rCold   . . .        (no shield)
rNeg    . . .        m - +0 ring mail
rPois   .            l - melded +0 helmet
rElec   .            (cloak currently unavailable)
rCorr   +            (gloves currently unavailable)
SInv    +            (boots currently unavailable)
Will    .....        (no amulet)
Stlth   +            e - ring of see invisible
HPRegen 0.25/turn    q - ring of resist corrosion
MPRegen 0.09/turn

%: no passive effects
@: beast-form, drained
A: beast (slay +2), ignite blood 2, spiny 1
a: Begin Untransformation


You were on level 5 of the Dungeon.
You were a hulking beast.
You visited 1 branch of the dungeon, and saw 6 of its levels.

You collected 140 gold pieces.


Innate Abilities, Weirdness & Mutations

You are a hulking beast.
Your limbs bulge with bestial killing power. (Slay +2)
Your demonic aura often causes spilled blood to erupt in flames.
You are partially covered in sharp spines.


   Skills:
 - Level 1.0 Fighting
 + Level 3.3 Dodging
 - Level 2.6 Unarmed Combat
 * Level 4.4 Shapeshifting


You had 4 spell levels left.
You didn't know any spells.
Your spell library contained the following spells:

 Spells                   Type           Power      Damage    Failure   Level
 Lesser Beckoning         Tloc           0%         N/A       71%         2
 Poisonous Vapours        Pois/Air       0%         N/A       71%         2
 Gell's Gravitas          Tloc           0%         N/A       91%         3
 Mephitic Cloud           Conj/Pois/Air  0%         N/A       91%         3
 Teleport Other           Tloc           0%         N/A       91%         3
 Freezing Cloud           Conj/Ice/Air   0%         6-21      100%        5

Inventory:

Armour
 a - a +0 animal skin
 l - a +0 helmet (melded)
   (You found it on level 1 of the Dungeon)
 m - a +0 ring mail (worn)
   (You found it on level 1 of the Dungeon)
Jewellery
 e - a ring of see invisible (left hand)
   (You found it on level 2 of the Dungeon)
 q - a ring of resist corrosion (right hand)
   (You found it on level 6 of the Dungeon)
Talismans
 c - a beast talisman (active)
 d - a flux talisman
Scrolls
 f - 2 scrolls of fog
 g - 2 scrolls of vulnerability {unknown}
 k - a scroll of blinking
 p - a scroll of enchant armour {unknown}
 r - a scroll of amnesia {unknown}
 s - a scroll of fear {unknown}
Potions
 b - a potion of lignification
 h - 2 potions of curing {unknown}
 i - 2 potions of heal wounds {unknown}
 j - a potion of attraction {unknown}
 n - a potion of ambrosia {unknown}
 o - a potion of berserk rage {unknown}

Dungeon Overview and Level Annotations

Branches:
Dungeon (6/15) Zot: 26935
 Temple: D:4-7

Altars:
Qazlal
Ru
Sif Muna
Vehumet

Annotations:
D:3 3 runed translucent doors, Fodor's ghost, amateur MiFi; GoodGuyCap's ghost, amateur OpSh; MisterAzrael's ghost, amateur DrSh; justen's ghost, amateur HOSh; porpoise's ghost, amateur OpEn
D:6 Jeremiah

#............))..#
###.......#....#.#....
>.......†.....o# # #
##.....#....l.#
#....)#....g.#
........###.ogg#
.###....# ##go##
#....# ##g## #....#
###h.#.###. #....#
#..........
##.......#......##
#......##....#...
....# #........ ....
#........ ...
#....#... .. #^...#...
#....# ..


You could see a gnoll sergeant, an iguana, 4 gnolls and 3 orcs.


Message History

The centaur shoots an arrow.
The arrow barely misses you.
The centaur shoots an arrow.
The arrow hits you. 😕 HP[-1]
You take 1 damage, and now have 29/31 hp.
There is a stone staircase leading up here.
The centaur shoots an arrow.
The arrow completely misses you.
The centaur shoots an arrow.
The arrow barely misses you.
You climb upwards.
The hound barks!
There is a stone staircase leading down here. 😕 HP[+1] Unknown command.
A hound is nearby!
Unknown command.
You hit the hound but do no damage. The hound barely misses you.
You closely miss the hound.
The hound bites you but does no damage. 😎 HP[+1]
Your hp is fully restored (31).
You hit the hound but do no damage. The hound is struck by your spines.
The hound barely misses you. The hound is struck by your spines.
The hound bites you. 😕 HP[-5]
You take 5 damage, and now have 26/31 hp.
Unknown command.
You closely miss the hound. The hound is struck by your spines.
The hound closely misses you.
You closely miss the hound. The hound barely misses you.
The hound is struck by your spines.
You kill the hound!
You now have 33 max hp (+2).
You see here a hound corpse. 😕 HP[+1] No target in view!
Unknown command.
Found a stone staircase leading down. 😎 HP[+6]
Your hp is fully restored (33).
You see here a +1 short sword of venom.
You see here a hound corpse.
h - 2 emerald potions (gained 1)
s - a scroll labelled VUIFICZ CIHYRA A gnoll comes into view.
It is wielding a +0 club.
The gnoll shouts!
You hear a shout!
An orc comes into view. It is wielding a +0 dagger.
A gnoll comes into view. It is wielding a +0 spear.
The gnoll shouts!
The orc shouts!
A gnoll comes into view. It is wielding a +0 flail.
There are monsters nearby!
A gnoll sergeant and an orc come into view.
The gnoll sergeant is wielding a +0 spear and wearing a +2 ring mail of cold resistance.
The gnoll sergeant shouts!
The gnoll shouts!
The orc shouts!
You hear an angry hiss.
There are monsters nearby! 2 gnolls and an orc come into view.
The gnoll shouts! x2; The orc shouts!
The gnoll hits you with a +0 club. 😕 HP[-6]
You take 6 damage, and now have 27/33 hp.
You barely miss the gnoll. The gnoll is struck by your spines.
The gnoll hits you with a +0 club.
The gnoll hits you from afar with a +0 spear.
Unknown command. 😮 HP[-9]
You take 9 damage, and now have 18/33 hp.
MASSIVE DAMAGE!! (PAUSE) Unknown command.
Unknown command.
Unknown command.
Unknown command.
You hit the gnoll. The orc is struck by your spines.
The orc hits you but does no damage. The gnoll closely misses you.
Unknown command.
You hit the gnoll.
You kill the gnoll!
The orc is struck by your spines.
You kill the orc!
The gnoll hits you from afar with a +0 spear.
You now have 34 max hp (+1).
Unknown command. 😮 HP[+1] 😮 HP[+1]
The gnoll sergeant hits you with a +0 spear.
An iguana comes into view.
An orc comes into view. It is wielding a +0 trident.
The gnoll misses you. 😮 HP[-2]
You take 2 damage, and now have 18/34 hp.
You closely miss the gnoll sergeant.
The gnoll sergeant hits you with a +0 spear.
* * * LOW HITPOINT WARNING * * *
The gnoll hits you from afar with a +0 spear.
* * * LOW HITPOINT WARNING * * *
😱 HP[-12]
You take 12 damage, and now have 6/34 hp.
MASSIVE DAMAGE!! (PAUSE)
The gnoll sergeant blocks your attack.
The gnoll sergeant hits you with a +0 spear.
* * * LOW HITPOINT WARNING * * *
The gnoll hits you from afar with a +0 spear!
You die...

Skill      XL: |  1  2  3  4 |
---------------+-------------+-----
Shapeshifting  | 3 4 |  4.4
Dodging        | 2 3 |  3.3
Fighting       | |  1.0
Unarmed Combat | |  2.6

Action                     |  1- 3 |  4- 6 || total
---------------------------+-------+-------++-------
  Melee: Unarmed           |   133 |    59 ||   192
         Punch             |     2 |     1 ||     3
    Use: Scroll            |     4 |       ||     4
 Armour: Animal skin       |    23 |       ||    23
         Ring mail         |    16 |    15 ||    31
  Dodge: Dodged            |    76 |    29 ||   105
   Form: Beast             |     1 |       ||     1
         Flux              |     1 |       ||     1

Levels and vault maps discovered:
D:1:      nzn_arrival_crosshair, layout_basic,
          shapermc_ecumenical_altar_notcrosses
D:2:      layout_basic, uniq_jessica
D:3:      layout_basic, gammafunk_ghost_cemetery
D:4:      layout_rooms, nzn_wu_jian_council_hall, ashenzari_conservatory_becter,
          minmay_misc_feat_hallway, uniq_crazy_yiuf_cottage
D:5:      layout_rooms, due_unseen_surprise, uniq_ijyb
D:6:      layout_loops_corners, mainiacjoe_overflow_alcove_3,
          mainiacjoe_overflow_boulevard, uniq_jeremiah

Notes
Turn   | Place    | Note
-------+----------+-------------------------------------------
     0 | D:1      | ytrimaz the Demonspawn Shapeshifter began the quest for the
                  | Orb.
     0 | D:1      | Reached XP level 1. HP: 15/15 MP: 1/1
     0 | D:1      | magus.rc [v1.9.6]
    40 | D:1      | Found a faded altar of an unknown god.
   124 | D:1      | Reached skill level 3 in Shapeshifting
   125 | D:1      | Reached skill level 2 in Dodging
   125 | D:1      | Gained mutation: Your demonic aura sometimes causes spilled
                  | blood to erupt in flames. [demonic ancestry]
   125 | D:1      | Reached XP level 2. HP: 10/21 MP: 2/2
   599 | D:1      | HP: 3/21 [hobgoblin (4)]
   909 | D:1      | Gained mutation: You are partially covered in sharp spines.
                  | [demonic ancestry]
   909 | D:1      | Reached XP level 3. HP: 26/26 MP: 3/3
  1292 | D:2      | You pick up a book of Displacement and begin reading...
  1292 | D:2      | You add the spells Lesser Beckoning, Gell's Gravitas and
                  | Teleport Other to your library.
  1498 | D:2      | You pick up a book of Vapours and begin reading...
  1498 | D:2      | You add the spells Poisonous Vapours, Mephitic Cloud and
                  | Freezing Cloud to your library.
  1756 | D:2      | Noticed Jessica
  1774 | D:2      | Killed Jessica
  1775 | D:2      | Reached XP level 4. HP: 13/32 MP: 4/4
  2300 | D:3      | Found a runed translucent gate.
  2300 | D:3      | Found a runed translucent gate.
  2300 | D:3      | Found a runed translucent gate.
  2326 | D:3      | Noticed Fodor's ghost (amateur MiFi)
  2326 | D:3      | Noticed GoodGuyCap's ghost (amateur OpSh)
  2327 | D:3      | Noticed MisterAzrael's ghost (amateur DrSh)
  2327 | D:3      | Noticed justen's ghost (amateur HOSh)
  2327 | D:3      | Noticed porpoise's ghost (amateur OpEn)
  2445 | D:3      | Reached skill level 4 in Shapeshifting
  2459 | D:3      | Reached skill level 3 in Dodging
  2459 | D:3      | Gained mutation: Your demonic aura often causes spilled
                  | blood to erupt in flames. [demonic ancestry]
  2459 | D:3      | Reached XP level 5. HP: 7/31 MP: 5/5
  3184 | D:4      | You fall into a shaft and drop 2 floors!
  3194 | D:6      | Found a shimmering blue altar of Sif Muna.
  3195 | D:6      | Found a radiant altar of Vehumet.
  3197 | D:6      | Found a stormy altar of Qazlal.
  3197 | D:6      | Found a sacrificial altar of Ru.
  3270 | D:6      | Noticed a centaur
  3271 | D:6      | Noticed Jeremiah
  3279 | D:5      | Entered Level 5 of the Dungeon
  3342 | D:5      | HP: 6/34 [gnoll/+0 spear[a gnoll sergeant] (6)]
  3343 | D:5      | Slain by a gnoll

Vanquished Creatures
  A hound (D:5)
  Jessica (D:2)
  An orc wizard (D:3)
  A gnoll (D:5)
  5 adders
  2 worms
  A dart slug (D:2)
  4 orcs
  6 endoplasms
  4 giant cockroaches
  8 goblins
  5 hobgoblins
  5 jackals
  5 kobolds
  A quokka (D:1)
  4 ball pythons
  A bat (D:2)
  7 frilled lizards
  11 rats
73 creatures vanquished.

Table legend:
 A = Non-vault XP
 B = Vault XP
 C = Vault XP percentage of total XP
 D = Non-vault monster count
 E = Vault monster count
 F = Vault count percentage of total count
                 A         B        C        D         E       F
            +---------+---------+-------+---------+---------+-------
      Total |     270 |      37 |  12.1 |      72 |       1 |   1.4
            +---------+---------+-------+---------+---------+-------
        D:1 |      47 |       0 |   0.0 |      29 |       0 |   0.0
        D:2 |      44 |      37 |  45.7 |      17 |       1 |   5.6
        D:3 |     102 |       0 |   0.0 |      19 |       0 |   0.0
        D:4 |      18 |       0 |   0.0 |       4 |       0 |   0.0
        D:5 |      59 |       0 |   0.0 |       3 |       0 |   0.0
            +---------+---------+-------+---------+---------+-------

Skill      XL: |  1  2  3  4 |
---------------+-------------+-----
Shapeshifting  | 3 4 |  4.4
Dodging        | 2 3 |  3.3
Fighting       | |  1.0
Unarmed Combat | |  2.6

Action                     |  1- 3 |  4- 6 || total
---------------------------+-------+-------++-------
  Melee: Unarmed           |   133 |    59 ||   192
         Punch             |     2 |     1 ||     3
    Use: Scroll            |     4 |       ||     4
 Armour: Animal skin       |    23 |       ||    23
         Ring mail         |    16 |    15 ||    31
  Dodge: Dodged            |    76 |    29 ||   105
   Form: Beast             |     1 |       ||     1
         Flux              |     1 |       ||     1

Illustrated notes

Table legend:
 A = Kills in this place as a percentage of kills in the entire game.
 B = Kills by you in this place as a percentage of kills by you in the entire game.
 C = Kills by friends in this place as a percentage of kills by friends in the entire game.
 D = Other kills in this place as a percentage of other kills in the entire game.
 E = Experience gained in this place as a percentage of experience gained in the entire game.
 F = Experience gained in this place divided by the number of levels of this place that you have seen.
                   A       B       C       D       E      F
               +-------+-------+-------+-------+-------+----------------------
         Total | 100.0 | 100.0 |   N/A |   N/A | 100.0 |  51.2
       Dungeon | 100.0 | 100.0 |   N/A |   N/A | 100.0 |  51.2
               +-------+-------+-------+-------+-------+----------------------

Table legend: (Time is in decaauts)
 A = Elapsed time spent in this place.
 B = Non-inter-level travel time spent in this place.
 C = Inter-level travel time spent in this place.
 D = Time resting spent in this place.
 E = Time spent auto-exploring this place.
 F = Levels seen in this place.
 G = Mean time per level.
                   A        B        C        D        E       F      G
               +--------+--------+--------+--------+--------+-----+--------+
         Total |   3332 |   3229 |    103 |      0 |   2653 |   6 |  555.3 |
       Dungeon |   3332 |   3229 |    103 |      0 |   2653 |   6 |  555.3 |
               +--------+--------+--------+--------+--------+-----+--------+

Top non-repeatable levels by time:
     D:1: 1266 daAuts
     D:2: 949 daAuts
     D:3: 899 daAuts
     D:6: 94 daAuts
     D:5: 63 daAuts
     D:4: 59 daAuts
